 Dungeon Crawl Stone Soup version 0.23-a0-208-gb6b040f (webtiles) character file.

15070 PurpleRed the Thaumaturge (level 12, -10/72 HPs)
             Began as an Octopode Wanderer on Sept 25, 2018.
             Was an Elder of Vehumet.
             Mangled by a black mamba (19 damage)
             ... on level 1 of the Lair of Beasts.
             The game lasted 01:02:22 (17481 turns).

PurpleRed the Thaumaturge (Octopode Wanderer)      Turns: 17481, Time: 01:02:23

Health: -10/72     AC:  1    Str: 14    XL:     12   Next: 23%
Magic:  27/27      EV: 12    Int: 17    God:    Vehumet [****..]
Gold:   219        SH:  0    Dex: 14    Spells: 22/34 levels left

rFire    . . .     SeeInvis .   u - +0 war axe of Guilt {flame, rElec} (curse)
rCold    . . .     Gourm    .   (no shield)
rNeg     . . .     Faith    .   (helmet restricted)
rPois    .         Spirit   .   (no amulet)
rElec    +         Reflect  .   q - ring of protection from magic
rCorr    .         Harm     .   y - ring of stealth
MR       +....     Rnd*Tele +   m - ring of teleportation (curse)
Stlth    +++.......             B - +3 ring of strength
HPRegen  0.22/turn              (no ring)
MPRegen  0.20/turn              (no ring)
                                (no ring)
                                (no ring)

@: lethally poisoned (-10 -> -24), invisible
A: almost no armour, stealthy swim, amphibious, 8 rings, constrict 8, camouflage
1, gelatinous body 1
a: Renounce Religion


You were on level 1 of the Lair of Beasts.
You worshipped Vehumet.
Vehumet was greatly pleased with you.
You were not hungry.

You visited 3 branches of the dungeon, and saw 13 of its levels.

You collected 513 gold pieces.
You spent 294 gold pieces at shops.

Inventory:

Hand Weapons
 b - a +1 hand crossbow
 d - a +0 mace
 s - the +9 hunting sling of the Ten Hells {venom, rPois rF+}
   (You found it on level 5 of the Dungeon)

   It poisons the ammo it fires.
   It protects you from fire.
   It protects you from poison.
 u - the cursed +0 war axe of Guilt (weapon) {flame, rElec}
   (You found it on level 6 of the Dungeon)

   It has been specially enchanted to burn those struck by it, causing extra
   injury to most foes and up to half again as much damage against particularly
   susceptible opponents.
   Big, fiery blades are also staple armaments of hydra-hunters.
   It insulates you from electricity.
   It has a curse placed upon it.
 C - a cursed -3 dire flail
 G - a +0 whip of flaming
Missiles
 c - 129 bolts
 g - 179 stones
 k - 6 sling bullets
 l - 210 arrows
 A - 3 throwing nets (quivered)
Armour
 e - a +0 shield
Jewellery
 m - a cursed ring of teleportation (on tentacle)
 n - an uncursed amulet of harm
 q - a ring of protection from magic (left tentacle)
 x - an uncursed ring of flight {unknown}
 y - a ring of stealth (right tentacle)
 B - a +3 ring of strength (on tentacle)
Wands
 o - a wand of random effects (39)
 p - a wand of enslavement (12)
 t - a wand of paralysis (37)
 D - a wand of clouds (4)
 E - a wand of digging (9)
 F - a wand of acid (1)
 N - a wand of iceblast (6)
Scrolls
 i - a scroll of enchant armour
 z - 2 scrolls of amnesia
 H - a scroll of blinking
 I - 2 scrolls of magic mapping
 J - a scroll of enchant weapon
 P - a scroll of teleportation
Potions
 a - 5 potions of agility
 j - a potion of might
 v - 2 potions of mutation {unknown}
 K - a potion of haste
 L - a potion of flight
 M - 2 potions of brilliance {unknown}
Miscellaneous
 Q - a phial of floods (inert)
Comestibles
 f - 20 rations


   Skills:
 - Level 3.0 Fighting
 - Level 2.0 Maces & Flails
 - Level 2.0 Throwing
 + Level 11.6 Spellcasting
 + Level 11.4 Conjurations
 + Level 6.8 Fire Magic
 - Level 8.0 Poison Magic


You had 22 spell levels left.
You knew the following spells:

 Your Spells              Type           Power        Failure   Level  Hunger
a - Flame Tongue          Conj/Fire      #####        1%          1    None
b - Poisonous Vapours     Pois/Air       ###...       1%          2    None
c - Olgreb's Toxic Radia  Pois           #####...     1%          4    ##.....
d - Venom Bolt            Conj/Pois      #####.....   1%          5    #####..

Your spell library contained the following spells:

 Spells                   Type           Power        Failure   Level  Hunger
 Conjure Flame            Conj/Fire      #####...     1%          3    None
 Sting                    Conj/Pois      ####         1%          1    None
 Mephitic Cloud           Conj/Pois/Air  ####....     1%          3    None


Dungeon Overview and Level Annotations

Branches:
Dungeon (11/15)            Temple (1/1) D:4            Lair (1/6) D:11
    Orc: D:9-12

Altars:
Ashenzari
Cheibriados
Dithmenos
Elyvilon
Fedhas
Gozag
Hepliaklqana
Kikubaaqudgha
Makhleb
Nemelex Xobeh
Okawaru
Qazlal
Ru
Sif Muna
Trog
Uskayaw
Vehumet
Wu Jian
Xom
Yredelemnul
Zin
The Shining One

Shops:
D:9 !

Annotations:
D:10 Josephine


Innate Abilities, Weirdness & Mutations

You cannot wear most types of armour.
You are very stealthy in the water. (Stealth+)
You are amphibious.
You can wear up to eight rings at the same time.
You can use your tentacles to constrict eight enemies at once.
Your skin changes colour to match your surroundings (Stealth+).
Your rubbery body absorbs attacks. (AC +1, EV +1)


Message History

The black mamba poisons you!
You feel better. The black mamba bites you!
* * * LOW HITPOINT WARNING * * *
The black mamba bites you!
* * * LOW HITPOINT WARNING * * *
You are lethally poisoned!
The black mamba poisons you!
You feel better. The black mamba bites you.
* * * LOW HITPOINT WARNING * * *
You are lethally poisoned!
The black mamba poisons you! The black mamba closely misses you.
Evoke which item? (* to show all) (? for menu, Esc to quit)
Okay, then.
Okay, then.
Okay, then.
Okay, then.
You fade into invisibility!
* * * LOW HITPOINT WARNING * * *
You feel sick. The black mamba bites you!!
You die...

#### #..###
##...####
##.###.#.##
#.#.##...P#
#..####..##
#@#.###.##
##S###.## #
#S.##.## .
.###...# .
#. ##.### .
#S #..# #
.# #..# .
#.## #.
#..# #....


You could see a black mamba and a water moccasin.

Vanquished Creatures
  Harold (D:8)
  An unseen horror (D:11)
  Pikel (D:8)
  An ugly thing (D:11)
  Maurice (D:8)
  A black mamba (Lair:1)
  3 spiny frogs (Lair:1)
  A komodo dragon (Lair:1)
  A troll (D:11)
  Grinder (D:5)
  Prince Ribbit (D:5)
  5 hippogriffs
  4 blink frogs (Lair:1)
  A spriggan (D:7)
  A wyvern (D:9)
  A steam dragon (Lair:1)
  20 yaks
  2 basilisks (Lair:1)
  Eustachio (D:5)
  An acid dragon (D:11)
  7 water moccasins
  3 porcupines (Lair:1)
  Duvessa (D:7)
  An orc warrior (D:10)
  A black bear (D:6)
  4 ice beasts
  2 phantoms
  2 sky beasts
  3 slaves (D:8)
  3 ogres
  5 centaurs
  A big kobold (D:7)
  6 crocodiles
  6 bullfrogs
  A gnoll sergeant (D:10)
  Dowan (D:7)
  2 scorpions
  3 jellies
  A quasit (D:9)
  A bullfrog zombie (D:11)
  4 hounds
  2 bullfrog skeletons
  2 orc priests
  8 orc wizards
  Ijyb (D:5)
  3 iguanas
  13 worker ants
  A hound zombie (D:5)
  A hound skeleton (D:9)
  8 gnolls
  11 adders
  3 shadow imps
  2 oozes (D:2)
  An adder skeleton (D:9)
  7 worms
  A dart slug (D:1)
  7 leopard geckos
  45 orcs
  A ball python (D:3)
  9 bats
  5 giant cockroaches
  7 goblins
  7 hobgoblins
  17 jackals
  3 quokkas
  3 frilled lizards
  A jackal skeleton (D:6)
  18 kobolds
  A leopard gecko zombie (D:6)
  7 rats
  A fungus (Lair:1)
303 creatures vanquished.

Vanquished Creatures (collateral kills)
  A bullfrog (D:11)
1 creature vanquished.

Vanquished Creatures (others)
  2 plants
2 creatures vanquished.

Grand Total: 306 creatures vanquished

Notes
Turn   | Place    | Note
-------+----------+-------------------------------------------
     0 | D:1      | PurpleRed the Octopode Wanderer began the quest for the
                  | Orb.
     0 | D:1      | PurpleRed set off with: a +0 hand crossbow, 24 bolts, a +0
                  | mace, a ration
     0 | D:1      | Reached XP level 1. HP: 16/16 MP: 2/2
    79 | D:1      | Learned a level 1 spell: Sting
    88 | D:1      | Reached XP level 2. HP: 19/21 MP: 4/4
   102 | D:1      | Learned a level 2 spell: Poisonous Vapours
   662 | D:1      | Reached XP level 3. HP: 7/26 MP: 1/6
   800 | D:2      | Reached XP level 4. HP: 26/31 MP: 3/8
  1377 | D:2      | Learned a level 4 spell: Olgreb's Toxic Radiance
  1855 | D:3      | Reached XP level 5. HP: 26/36 MP: 0/9
  3026 | D:3      | Found a faded altar of an unknown god.
  3517 | D:4      | Reached skill level 5 in Poison Magic
  3518 | D:4      | Noticed an ogre
  3603 | D:4      | Found a staircase to the Ecumenical Temple.
  3603 | D:4      | Found a shimmering altar of Xom.
  3610 | Temple   | Entered the Ecumenical Temple
  3617 | Temple   | Became a worshipper of Vehumet
  3629 | D:4      | Reached XP level 6. HP: 32/42 MP: 2/11
  4042 | D:4      | Found a basalt altar of Yredelemnul.
  4104 | D:4      | Learned a level 5 spell: Venom Bolt
  4168 | D:4      | Found a shadowy altar of Dithmenos.
  4168 | D:4      | Noticed a phantom
  4196 | D:4      | Killed a phantom
  4576 | D:4      | Reached XP level 7. HP: 46/46 MP: 5/14
  4666 | D:5      | Entered Level 5 of the Dungeon
  4666 | D:5      | Noticed Grinder
  4669 | D:5      | Noticed Prince Ribbit
  4681 | D:5      | Killed Prince Ribbit
  4681 | D:5      | Reached skill level 5 in Spellcasting
  4681 | D:5      | Reached skill level 1 in Conjurations
  4820 | D:5      | Noticed Eustachio
  5127 | D:5      | Killed Eustachio
  5127 | D:5      | Reached XP level 8. HP: 52/52 MP: 4/16
  5214 | D:5      | Got a jewelled hunting sling
  5227 | D:4      | Identified the +9 hunting sling of the Ten Hells {venom,
                  | rPois rF+} (You found it on level 5 of the Dungeon)
  6157 | D:5      | Noticed Ijyb
  6164 | D:5      | Killed Ijyb
  6299 | D:5      | Noticed a hippogriff
  6645 | D:6      | Found a snail-covered altar of Cheibriados.
  6646 | D:6      | Found a white marble altar of Elyvilon.
  6680 | D:6      | Reached * piety under Vehumet
  6680 | D:6      | Offered knowledge of Sandblast by Vehumet.
  6697 | D:6      | Got an ichor-stained war axe
  6698 | D:6      | Identified the cursed +0 war axe of Guilt {flame, rElec}
                  | (You found it on level 6 of the Dungeon)
  7006 | D:6      | Reached XP level 9. HP: 56/56 MP: 10/19
  7009 | D:6      | Reached skill level 5 in Conjurations
  8161 | D:7      | Noticed Duvessa
  8175 | D:7      | Noticed Dowan
  8176 | D:7      | Killed Duvessa
  8307 | D:7      | Killed Dowan
  8307 | D:7      | Reached ** piety under Vehumet
  8860 | D:5      | Killed Grinder
  9067 | D:5      | Noticed a gargoyle
  9426 | D:8      | Noticed Harold
  9453 | D:8      | Killed Harold
  9453 | D:8      | Reached XP level 10. HP: 63/63 MP: 3/23
  9992 | D:8      | Noticed Maurice
 10016 | D:8      | Killed Maurice
 10907 | D:8      | Noticed Pikel
 11215 | D:8      | Killed Pikel
 11880 | D:9      | Found Jaxkei's Distillery.
 11888 | D:9      | Bought a potion of heal wounds for 70 gold pieces
 11888 | D:9      | Bought a potion of curing for 42 gold pieces
 11888 | D:9      | Bought a potion of haste for 140 gold pieces
 11888 | D:9      | Bought a potion of flight for 42 gold pieces
 11930 | D:9      | Offered knowledge of Flame Tongue by Vehumet.
 12048 | D:9      | Learned a level 1 spell: Flame Tongue
 12099 | D:9      | Reached skill level 10 in Spellcasting
 12102 | D:9      | Reached skill level 1 in Fire Magic
 12826 | D:9      | Reached XP level 11. HP: 46/67 MP: 10/25
 13175 | D:9      | Found an iron altar of Okawaru.
 13296 | D:10     | Entered Level 10 of the Dungeon
 13527 | D:10     | Noticed Josephine
 13777 | D:10     | Offered knowledge of Static Discharge by Vehumet.
 13807 | D:10     | Reached skill level 10 in Conjurations
 14313 | D:11     | Found a staircase to the Lair.
 14326 | D:11     | Reached *** piety under Vehumet
 14529 | D:11     | Killed an unseen horror
 14732 | D:11     | Noticed a green ugly thing
 14741 | D:11     | Killed a green ugly thing
 14952 | D:11     | Reached skill level 5 in Fire Magic
 15334 | Lair:1   | Entered Level 1 of the Lair of Beasts
 15594 | Lair:1   | Offered knowledge of Airstrike by Vehumet.
 16507 | Lair:1   | Reached XP level 12. HP: 72/72 MP: 18/27
 17097 | Lair:1   | Reached **** piety under Vehumet
 17225 | Lair:1   | Offered knowledge of Conjure Flame by Vehumet.
 17481 | Lair:1   | Mangled by a black mamba

Vault maps used:
D:1:      lightli_arrival_noodles
D:2:      serial_forest, infiniplex_forest_clump_small,
          infiniplex_forest_lined_1, infiniplex_forest_straight_2,
          infiniplex_forest_lined_3_way, infiniplex_forest_diagonal,
          infiniplex_forest_lined_room_2, infiniplex_forest_lined_corner,
          infiniplex_forest_straight_3, infiniplex_forest_zigzag_1,
          supply_closet_lemuel
D:3:      chequers_ecumenical_altar_lobes, first_ration
D:4:      cheibrodos_old_hovel, grunt_temple_overflow_open,
          minmay_temple_entry_crystal_x, grunt_ministairs_7,
          grunt_dithmenos_shadows
D:5:      minmay_small_thing, uniq_eustachio, uniq_prince_ribbit1, uniq_ijyb,
          uniq_grinder
D:6:      chequers_temple_overflow_statue_of_worship
D:7:      the_bakery, eino_small_chamber_without_monster, uniq_duvessa
D:8:      uniq_maurice, uniq_harold, uniq_pikel
D:9:      serial_shops, nicolae_shop_temple_entry_statues_fountains,
          okawaru_altar_gauntlet_db
D:10:     uniq_josephine
D:11:     david_lair_generic, xom_teletrap_fun
Temple:   nicolae_temple_no_exploring_needed
Lair:1:   minmay_guarded_unrand_snakebite, grunt_megastairs_5

Skill      XL: |  1  2  3  4  5  6  7  8  9 10 11 |
---------------+----------------------------------+-----
Spellcasting   | 2 3 4 5 6 9 10 11 | 11.6
Poison Magic   | 3 4 5 6 7 8 |  8.0
Conjurations   | 2 4 8 9 11 | 11.4
Fire Magic     | 2 6 |  6.8
Fighting       | |  3.0
Maces & Flails | |  2.0
Throwing       | |  2.0

Action                   |  1- 3 |  4- 6 |  7- 9 | 10-12 || total
-------------------------+-------+-------+-------+-------++-------
Melee: Mace              |     4 |       |       |       ||     4
       Constrict         |     1 |       |    11 |    17 ||    29
       Tentacles         |     1 |       |     5 |    17 ||    23
       War axe           |       |       |    33 |   110 ||   143
 Fire: Hand crossbow     |    61 |   130 |    24 |       ||   215
       Hunting sling     |       |       |    21 |       ||    21
Throw: Throwing net      |       |       |       |     2 ||     2
 Cast: Poisonous Vapours |     3 |    46 |    44 |    12 ||   105
       Olgreb's Toxic Ra |       |     7 |    43 |    24 ||    74
       Venom Bolt        |       |       |     9 |   112 ||   121
       Flame Tongue      |       |       |       |    34 ||    34
Evoke: Wand              |       |       |    10 |    19 ||    29
       Phial of floods   |       |       |       |     1 ||     1
  Use: Potion            |     4 |       |     4 |    13 ||    21
       Scroll            |       |     4 |     5 |     8 ||    17
 Stab: Sleeping          |       |       |     2 |     3 ||     5
       Paralysed         |       |       |       |     4 ||     4
  Eat: Chunk             |       |    17 |    17 |    39 ||    73
       Ration            |       |       |     2 |     5 ||     7
Armor: Skin              |     6 |     6 |     2 |    53 ||    67
Dodge: Dodged            |    20 |    61 |    74 |   117 ||   272

Table legend:
 A = Non-vault XP
 B = Vault XP
 C = Vault XP percentage of total XP
 D = Non-vault monster count
 E = Vault monster count
 F = Vault count percentage of total count
                 A         B        C        D         E       F
            +---------+---------+-------+---------+---------+-------
      Total |   15966 |    5563 |  25.8 |     267 |      33 |  11.0
            +---------+---------+-------+---------+---------+-------
        D:1 |      47 |       0 |   0.0 |      20 |       0 |   0.0
        D:2 |     103 |       0 |   0.0 |      31 |       0 |   0.0
        D:3 |     102 |       0 |   0.0 |      32 |       0 |   0.0
        D:4 |     301 |     167 |  35.7 |      14 |       4 |  22.2
        D:5 |     637 |    1047 |  62.2 |      19 |       5 |  20.8
        D:6 |     730 |       0 |   0.0 |      26 |       0 |   0.0
        D:7 |     757 |     447 |  37.1 |      15 |       3 |  16.7
        D:8 |     920 |    2090 |  69.4 |      15 |       3 |  16.7
        D:9 |    2180 |      46 |   2.1 |      26 |       6 |  18.8
       D:10 |     668 |       0 |   0.0 |      19 |       0 |   0.0
       D:11 |    4051 |     655 |  13.9 |      23 |       4 |  14.8
     Temple |       3 |       0 |   0.0 |       1 |       0 |   0.0
     Lair:1 |    5467 |    1111 |  16.9 |      26 |       8 |  23.5
            +---------+---------+-------+---------+---------+-------
